 Dungeon Crawl Stone Soup version 0.18.1-6-gd335043 (webtiles) character file.

12115 Gorice the Carver (level 12, -14/89 HPs)
             Began as a Human Skald on May 19, 2016.
             Was a Believer of the Shining One.
             Demolished by Rupert
             ... wielding a +2 great mace of protection
              (39 damage)
             ... on level 3 of the Lair of Beasts on May 20, 2016.
             The game lasted 01:11:16 (16943 turns).

Gorice the Carver (Human Skald)                    Turns: 16943, Time: 01:11:17

Health: -14/89     AC: 17    Str: 17    XL:     12   Next: 16%
Magic:  15/15      EV: 10    Int: 13    God:    the Shining One [**....]
Gold:   628        SH:  0    Dex: 13    Spells: 1 memorised, 14 levels left

rFire  . . .     SeeInvis .     a - +3 long sword (freeze)
rCold  . . .     Gourm    .     z - +2 scale mail {rPois}
rNeg   + . .     Faith    .     (no shield)
rPois  +         Spirit   .     m - +2 helmet
rElec  .         Dismiss  .     N - +0 cloak (curse)
rCorr  .         Reflect  .     S - +0 pair of gloves
SustAt .         Harm     .     (no boots)
MR     .....                    T - amulet of regeneration
Stlth  ..........               e - ring of flight
                                (no ring)

@: very slightly contaminated, hasted and slowed, glowing, not resistant to
hostile enchantments, extremely unstealthy
A: no striking features
a: Divine Shield, Renounce Religion, Evoke Flight


You were on level 3 of the Lair of Beasts.
You worshipped the Shining One.
The Shining One was pleased with you.
You were very hungry.

You visited 3 branches of the dungeon, and saw 14 of its levels.
You also visited: Labyrinth.

You collected 674 gold pieces.
You spent 46 gold pieces at shops.

Inventory:

Hand Weapons
 a - a +3 long sword of freezing (weapon)
   (You took it off a wight on level 9 of the Dungeon)
Missiles
 H - 7 tomahawks
 X - 9 javelins (quivered)
 Z - 374 stones
Armour
 m - a +2 helmet (worn)
 q - a +0 plate armour
 z - a +2 scale mail of poison resistance (worn)
   (You found it on level 2 of the Lair of Beasts)
 N - a cursed +0 cloak (worn)
 S - a +0 pair of gloves (worn)
Jewellery
 b - an uncursed amulet of the gourmand {unknown}
 e - a ring of flight (right hand)
 s - an uncursed amulet of magic regeneration {unknown}
 C - an uncursed ring of fire
 T - an amulet of regeneration (around neck)
Wands
 f - a wand of iceblast (6/15)
 n - a wand of flame (24/48)
 o - a wand of slowing (0/48)
 y - a wand of iceblast (3/15)
 B - a wand of hasting (7/9) {!d}
 F - a wand of iceblast (4/15)
Scrolls
 i - 7 scrolls of remove curse
 M - a scroll of fog
Potions
 r - a potion of ambrosia
 D - a potion of brilliance {unknown}
 E - 2 potions of resistance {!q}
 R - 3 potions of cancellation {!q}
Books
 c - a book of Summonings
Miscellaneous
 v - a box of beasts
Comestibles
 d - 9 bread rations {!e}
 l - a fruit


   Skills:
 + Level 6.5 Fighting
 - Level 12.4 Long Blades
 + Level 11.9 Armour
 - Level 1.0 Dodging
 - Level 2.0 Spellcasting
 - Level 3.0 Charms
 + Level 2.1 Invocations


You had 14 spell levels left.
You knew the following spells:

 Your Spells              Type           Power        Failure   Level  Hunger
a - Infusion              Chrm           #...         21%         1    ##.....


Dungeon Overview and Level Annotations

Branches:
Dungeon (10/15)            Temple (1/1) D:5            Lair (3/8) D:9
  Swamp: Lair:3-6    Shoals: Lair:3-6     Snake: Lair:3-6    Spider: Lair:3-6
    Orc: D:9-12

Altars:
Ashenzari
Cheibriados
Dithmenos
Elyvilon
Fedhas
Gozag
Kikubaaqudgha
Makhleb
Nemelex Xobeh
Okawaru
Pakellas
Qazlal
Ru
Sif Muna
Trog
Vehumet
Xom
Yredelemnul
Zin
The Shining One

Shops:
D:5 (   D:6 }*   D:8 %

Annotations:
D:10 insane floor all 3 stairs together!
Lair:3 Rupert


Message History

You feel sick.
Rupert shouts!
Things that are here:
an uncursed short sword of venom; an uncursed blowgun the kobold corpse of Sonja You feel sick.
Damage: 1 (max 20)
You feel sick. Rupert yells loudly at you.
You suddenly lose the ability to move!
You feel sick.
Rupert screams, "Get ready!
I'll kill you!
Or something like that..."
You are feeling very hungry.
Rupert yells loudly at you.
You struggle to resist.
You feel sick. x2
Rupert roars wildly at you.
You are confused.
You can move again.
Unknown command.
Unknown command.
Unknown command.
Unknown command.
Unknown command.
Unknown command.
Unknown command.
Unknown command.
You're too confused!
Unknown command.
Drink which item? (? for menu, Esc to quit)
You feel better.
Rupert hits you with a great mace of protection!!
* * * LOW HITPOINT WARNING * * *
Damage: 15 (max 20) Rupert roars madly and goes into a rage!
Rupert goes berserk!
You see here a ring mail.
Read which item? (? for menu, Esc to quit)
Okay, then.
Unknown command.
Unknown command.
Drink which item? (? for menu, Esc to quit)
Really quaff
J - a potion of haste {!q}?
You feel yourself speed up.
Rupert hits you with a great mace of protection.
* * * LOW HITPOINT WARNING * * *
Rupert barely misses you.
You are very lightly contaminated with residual magic.
Rupert hits you with a great mace of protection!!!
You die...

#.........## ##........###
##.........# ##P........P#
#...........#
##..........## #####
#...........# #####≈≈≈.##
...#.........####.#.≈≈≈≈≈.#
#......(((@...##...≈≈≈≈≈≈≈.
#....PP...#@[##P...(≈≈≈≈≈≈.
#..#........w.#....<.≈≈≈≈≈.
...#.......)........≈≈≈≈≈≈.
.. #....†....<>....≈≈≈≈≈≈≈.
#................≈≈≈≈≈≈..
#.................≈≈≈≈≈≈..
..≈≈≈≈≈≈≈....(......≈≈....
≈≈≈≈≈≈≈≈≈≈.......>.......


You could see Rupert (berserk) and a worm.

Vanquished Creatures
  A minotaur (Lab)
  Harold (Lair:1)
  Urug (Lair:1)
  Sonja (Lair:3)
  3 spiny frogs
  3 komodo dragons
  Grinder (D:4)
  A two-headed ogre (D:9)
  5 blink frogs
  A wyvern (D:9)
  4 yaks
  A hog (D:9)
  A hungry ghost (D:8)
  A hippogriff (D:7)
  3 water moccasins
  A porcupine (Lair:2)
  A black bear (D:8)
  A sky beast (D:8)
  A necrophage (D:9)
  3 ice beasts
  A phantom (D:5)
  4 centaurs
  3 ogres
  7 crocodiles
  4 big kobolds
  9 giant frogs
  A water moccasin zombie (D:6)
  A scorpion (D:5)
  A water moccasin skeleton (D:6)
  4 killer bees (D:8)
  7 howler monkeys
  4 wights (D:9)
  A crimson imp (D:7)
  2 quasits
  A centaur zombie (D:6)
  3 orc priests
  5 hounds
  Crazy Yiuf (D:6)
  A giant frog zombie (D:8)
  A gnoll shaman (D:8)
  2 giant frog skeletons
  13 iguanas
  5 orc wizards
  7 worker ants
  A sheep (D:10)
  2 killer bee zombies (D:6)
  A hound zombie (D:6)
  A hound skeleton (D:6)
  10 gnolls
  A howler monkey skeleton (D:6)
  A worker ant zombie (D:6)
  12 adders
  16 river rats
  6 adder zombies
  2 oozes
  3 adder skeletons
  3 worms
  5 dart slugs
  6 giant geckos
  19 orcs
  2 ball pythons
  2 giant cockroaches (D:4)
  2 goblins
  10 hobgoblins
  13 jackals
  3 quokkas
  7 bats
  7 giant newts
  A jackal skeleton (D:6)
  A jackal zombie (D:5)
  23 kobolds
  6 rats
289 creatures vanquished.

Vanquished Creatures (others)
  A sheep (D:10)
  An ooze (D:1)
  3 plants
5 creatures vanquished.

Grand Total: 294 creatures vanquished

Notes
Turn   | Place    | Note
--------------------------------------------------------------
     0 | D:1      | Gorice the Human Skald began the quest for the Orb.
     0 | D:1      | Reached XP level 1. HP: 16/16 MP: 3/3
    62 | D:1      | Reached XP level 2. HP: 22/22 MP: 5/5
   259 | D:3      | Found a shimmering altar of Xom.
   278 | D:4      | Reached skill level 3 in Long Blades
   278 | D:4      | Reached XP level 3. HP: 27/27 MP: 6/6
   321 | D:4      | HP: 8/27 [giant gecko (3)]
   918 | D:4      | Found a snail-covered altar of Cheibriados.
   962 | D:4      | Noticed Grinder
   982 | D:5      | Entered Level 5 of the Dungeon
  1007 | D:5      | Noticed a scorpion
  1016 | D:5      | Killed a scorpion
  1016 | D:5      | Reached skill level 4 in Long Blades
  1016 | D:5      | Reached XP level 4. HP: 32/33 MP: 2/7
  1022 | D:5      | Noticed a phantom
  1241 | D:5      | HP: 6/33 [phantom (4)]
  1247 | D:5      | HP: 2/33 [phantom (5)]
  1260 | D:5      | Killed a phantom
  1260 | D:5      | Reached skill level 5 in Long Blades
  1260 | D:5      | Reached XP level 5. HP: 4/38 MP: 5/8
  1705 | D:2      | Found a shadowy altar of Dithmenos.
  1720 | D:2      | Reached XP level 6. HP: 44/44 MP: 9/9
  2132 | D:1      | Reached skill level 6 in Long Blades
  2291 | D:1      | HP: 12/44 [ball python (2)]
  3201 | D:1      | HP: 1/44 [something (25)]
  3712 | D:1      | HP: 13/44 [something (7)]
  4526 | D:3      | Found a faded altar to an unknown god.
  5016 | D:4      | Noticed a water moccasin
  5036 | D:4      | HP: 11/44 [water moccasin (6)]
  5042 | D:3      | HP: 6/44 [poisoned by a water moccasin]
  5047 | D:3      | HP: 4/44 [poisoned by a water moccasin]
  5053 | D:3      | HP: 3/44 [poisoned by a water moccasin]
  5061 | D:3      | HP: 2/44 [poisoned by a water moccasin]
  5494 | D:5      | Noticed an ogre
  5503 | D:5      | Killed an ogre
  5503 | D:5      | Reached skill level 7 in Long Blades
  5503 | D:5      | Reached XP level 7. HP: 50/50 MP: 6/10
  5777 | D:4      | Killed Grinder
  5777 | D:4      | Reached skill level 2 in Armour
  6051 | D:4      | Reached skill level 8 in Long Blades
  6143 | D:4      | HP: 15/50 [something/puff of flame (4)]
  6147 | D:4      | Reached XP level 8. HP: 16/56 MP: 11/11
  6510 | D:5      | Found a stormy altar of Qazlal.
  6802 | D:5      | Found an oddly glowing altar of Pakellas.
  7064 | D:5      | Reached skill level 3 in Armour
  7236 | D:5      | Found a staircase to the Ecumenical Temple.
  7242 | Temple   | Entered the Ecumenical Temple
  8296 | D:5      | Found Caekir's Antique Weapon Shoppe.
  8453 | D:6      | Reached skill level 4 in Armour
  8714 | D:6      | Reached skill level 9 in Long Blades
  8952 | D:6      | Found Ikoachei's Assorted Antiques.
  9032 | D:6      | Reached skill level 5 in Armour
  9066 | D:6      | Bought a scroll of identify for 46 gold pieces
  9096 | D:6      | Found Apnuricveg's Gadget Shoppe.
  9251 | D:6      | Reached XP level 9. HP: 57/61 MP: 12/12
  9674 | D:6      | Noticed Crazy Yiuf
  9689 | D:6      | Killed Crazy Yiuf
  9776 | D:6      | Reached skill level 6 in Armour
 10232 | D:7      | Reached skill level 10 in Long Blades
 10659 | D:7      | Reached skill level 7 in Armour
 11355 | D:8      | Found a glowing golden altar of the Shining One.
 11361 | D:8      | Became a worshipper of the Shining One
 11422 | D:8      | Found Mumel's Food Emporium.
 11692 | D:8      | Reached XP level 10. HP: 67/67 MP: 13/13
 11808 | D:8      | Found a blossoming altar of Fedhas.
 11808 | D:8      | Found an iron altar of Okawaru.
 11910 | D:8      | Reached skill level 8 in Armour
 12161 | D:8      | Reached skill level 11 in Long Blades
 12484 | D:8      | Found a basalt altar of Yredelemnul.
 12486 | D:8      | Noticed a profane servitor
 12497 | D:8      | Found a glowing golden altar of the Shining One.
 12499 | D:8      | Noticed an angel
 12819 | D:9      | Found a staircase to the Lair.
 12821 | D:9      | Noticed a komodo dragon
 12822 | D:9      | Noticed a komodo dragon
 13195 | D:9      | HP: 10/67 [komodo dragon (22)]
 13215 | D:9      | Killed a komodo dragon
 13215 | D:9      | Reached skill level 9 in Armour
 13327 | D:9      | Reached * piety under the Shining One
 13354 | D:9      | Killed a komodo dragon
 13495 | D:9      | Noticed an Executioner
 13496 | D:9      | Found a burning altar of Makhleb.
 13499 | D:9      | Found a glowing silver altar of Zin.
 13499 | D:9      | Noticed an angel
 13932 | Lair:1   | Entered Level 1 of the Lair of Beasts
 13932 | Lair:1   | Noticed Harold
 13932 | Lair:1   | Noticed a spiny frog
 13970 | D:10     | Entered Level 10 of the Dungeon
 14078 | D:10     | Reached skill level 12 in Long Blades
 14150 | D:10     | Noticed a hill giant
 14292 | D:9      | HP: 10/67 [spiny frog (13)]
 14296 | D:9      | HP: 3/67 [poisoned by a spiny frog]
 14416 | D:9      | Killed a spiny frog
 14416 | D:9      | Reached skill level 10 in Armour
 14416 | D:9      | Reached XP level 11. HP: 72/72 MP: 14/14
 14471 | Lair:1   | Killed Harold
 14476 | Lair:1   | Noticed Urug
 14549 | Lair:1   | Killed Urug
 14549 | Lair:1   | Reached skill level 3 in Fighting
 14815 | Lair:1   | Reached skill level 4 in Fighting
 14820 | Lair:1   | Reached ** piety under the Shining One
 14908 | D:8      | Reached skill level 11 in Armour
 15215 | D:9      | Reached skill level 5 in Fighting
 15649 | Lair:2   | Found a labyrinth entrance.
 15670 | Lab      | Entered a labyrinth
 15749 | Lab      | Noticed a minotaur
 15760 | Lab      | HP: 23/80 [minotaur (8)]
 15760 | Lab      | HP: 10/80 [minotaur (13)]
 15761 | Lab      | HP: 4/80 [minotaur's headbutt (6)]
 15763 | Lab      | Killed a minotaur
 15773 | Lab      | Identified the Collected Works on Warped Transformation
 15945 | Lair:2   | Reached skill level 6 in Fighting
 15945 | Lair:2   | Reached XP level 12. HP: 44/88 MP: 15/15
 16419 | Lair:2   | Reached skill level 1 in Invocations
 16690 | Lair:3   | Noticed Sonja
 16706 | Lair:2   | HP: 26/89 [poisoned by Sonja (curare-tipped needle)]
 16711 | Lair:2   | HP: 23/89 [poisoned by Sonja (curare-tipped needle)]
 16716 | Lair:2   | HP: 24/89 [poisoned by Sonja (curare-tipped needle)]
 16721 | Lair:2   | HP: 25/89 [poisoned by Sonja (curare-tipped needle)]
 16846 | Lair:1   | Identified a scroll of acquirement
 16922 | Lair:3   | Killed Sonja
 16922 | Lair:3   | Reached skill level 2 in Invocations
 16931 | Lair:3   | Noticed Rupert
 16933 | Lair:3   | Paralysed by Rupert for 6 turns
 16939 | Lair:3   | HP: 23/89 [Rupert/great mace of protection (21)]
 16943 | Lair:3   | Demolished by Rupert

Skill      XL: |  1  2  3  4  5  6  7  8  9 10 11 12 |
---------------+-------------------------------------+-----
Long Blades    | 3 4 5 7 8 9 10 12 | 12.4
Armour         | 2 5 7 10 11 | 11.9
Fighting       | 6 |  6.5
Invocations    | 2 |  2.1
Dodging        | |  1.0
Spellcasting   | |  2.0
Charms         | |  3.0

Action                   |  1- 3 |  4- 6 |  7- 9 | 10-12 || total
-------------------------+-------+-------+-------+-------++-------
Melee: Falchion          |    55 |   218 |   562 |       ||   835
       Long sword        |       |       |   150 |   596 ||   746
Throw: Javelin           |     8 |    15 |    10 |    36 ||    69
       Stone             |       |     2 |       |       ||     2
       Tomahawk          |       |       |     7 |     8 ||    15
       Throwing net      |       |       |       |     3 ||     3
 Cast: Infusion          |     1 |    11 |     1 |       ||    13
Evoke: Wand              |       |     1 |    15 |    16 ||    32
  Use: Potion            |       |     4 |       |     8 ||    12
       Scroll            |       |     8 |     6 |     8 ||    22
 Stab: Paralysed         |       |       |    12 |       ||    12
       Confused          |       |       |     7 |     4 ||    11
       Held in net/web   |       |       |       |     1 ||     1
  Eat: Chunk             |       |     7 |    20 |    14 ||    41
       Pizza             |       |     1 |       |     2 ||     3
       Meat ration       |       |     1 |       |       ||     1
       Royal jelly       |       |       |     1 |       ||     1
Armor: Leather armour    |    12 |       |       |       ||    12
       Ring mail         |     5 |    90 |    10 |       ||   105
       Plate armour      |       |       |   623 |   360 ||   983
       Scale mail        |       |       |       |     8 ||     8
Dodge: Dodged            |    31 |   113 |   188 |   152 ||   484

Table legend:
 A = Turns spent in this place as a percentage of turns spent in the entire game.
 B = Non-inter-level travel turns spent in this place as a percentage of non-inter-level travel turns spent in the entire game.
 C = Inter-level travel turns spent in this place as a percentage of turns spent in this place.
 D = Turns resting spent in this place as a percentage of non-inter-level travel turns spent in this place.
 E = Turns spent auto-exploring this place as a percentage of non-inter-level travel turns spent in this place.
 F = Non-inter-level travel turns spent in this place divided by the number of levels of this place that you've seen.
                   A       B       C       D       E      F
               +-------+-------+-------+-------+-------+----------------------
         Total | 100.0 | 100.0 |   0.5 |   3.0 |   4.2 | 407.1
       Dungeon |  83.2 |  83.2 |   0.5 |   3.3 |   4.3 | 508.2
        Temple |   0.2 |   0.2 |   6.7 |   0.0 |  85.7 |  14.0
          Lair |  14.6 |  14.5 |   0.7 |   1.2 |   2.9 | 296.0
     Labyrinth |   2.0 |   2.0 |   0.0 |   3.3 |   0.0 | 122.0
               +-------+-------+-------+-------+-------+----------------------

Vault maps used:
D:1:      minmay_arrival_solitary_statue, lemuel_flame_loot_1
D:2:      overflow_temple_1_default
D:3:      lemuel_round_altar, ecumenical_altar_1, grunt_ministairs_3
D:4:      lemuel_round_altar, first_bread, uniq_grinder
D:5:      grunt_qazlal_sundering, temple_green, serial_shops, shop,
          corexii_corridor_pit, grunt_pakellas_mercury
D:6:      serial_undead, serial_undead_d, serial_undead_b, serial_undead_a,
          serial_undead_a, serial_shops, nicolae_shop_overgrown_old_shop,
          kennysheep_little_box, grunt_ministairs_15, uniq_crazy_yiuf_cottage
D:7:      grunt_ogre_cave
D:8:      grunt_temple_overflow_holy_war, minitemple, basic_altar, serial_shops,
          shop, minmay_misc_feat_pillars, minmay_crystal_room, abandoned_shop
D:9:      grunt_temple_overflow_order_and_chaos_2, dpeg_lair_monsters
D:10:     kennysheep_town
Temple:   roderic_octagonal_lattice_temple
Lair:1:   uniq_harold, uniq_urug
Lair:2:   lab_entry_generic
Lair:3:   worms_lemuel, grunt_megastairs_2, serial_bayou_shore_b,
          infiniplex_staircase_pool, uniq_rupert, uniq_maud, uniq_sonja,
          uniq_fannar
Lab:      labyrinth_green, nicolae_lab_quarters, nicolae_lab_blocks, lab_hedge
